Rocket vs Griffins
(R1)
Created - February 20, 2024 at 20:11
Goals
|
| Rocket |
2 |
3 |
1 |
6 |
| Griffins |
1 |
4 |
2 |
7 |
|
Shots
|
| Rocket |
6 |
12 |
11 |
29 |
| Griffins |
15 |
12 |
11 |
38 |
|
1st period
1. Rocket , Brandon Pirri 26 (Jack Glover 12) at 1:05
2. Rocket , Peter Holland 18 (Sergey Tolchinsky 33, Scott Wilson 20) at 9:20
3. Griffins , Martin Frk 44 (Lucas Lessio 41, Marcus Hogberg) at 15:32 (PP)
Penalties :
Brandon Pirri (Lav) for Holding (Minor) at 15:18
2nd period
4. Griffins , Ian McCoshen 2 (Robbie Russo 8, Brendan Leipsic 9) at 3:35
5. Griffins , Martin Frk 45 (Lucas Lessio 42, Nico Hischier 54) at 6:20
6. Rocket , Brandon Pirri 27 (Dominic Turgeon 40) at 11:05 (PP)
7. Griffins , Riley Armstrong 18 (Klim Kostin 14, Filip Hronek 25) at 11:45
8. Griffins , Lucas Lessio 35 (Filip Hronek 26, Nico Hischier 55) at 14:25
9. Rocket , Viktor Loov 3 (JC Lipon 6, Luke Kunin 19) at 15:39
10. Rocket , Ty Rattie 7 (Viktor Loov 22, Jakob Lilja 9) at 16:48
Penalties :
Riley Armstrong (Gra) for Hooking (Minor) at 6:29, Riley Armstrong (Gra) for Roughing (Minor) at 11:04, Troy Terry (Lav) for Holding (Minor) at 18:50
3rd period
11. Rocket , Sergey Tolchinsky 30 (Troy Terry 14) at 1:42
12. Griffins , Lucas Lessio 36 (Ian McCoshen 10) at 1:48
13. Griffins , Riley Armstrong 19 (Morgan Geekie 13) at 5:33
Penalties :
Ian McCoshen (Gra) for Interference (Minor) at 9:33, Sergey Tolchinsky (Lav) for High sticking (Minor) at 12:36, Andrey Pedan (Gra) for Holding (Minor) at 15:48
Goalie Stats
Eamon McAdam (Lav), 31 saves from 38 shots - (0.816), L, 13-8-3, 58:46 minutes
Marcus Hogberg (Gra), 23 saves from 29 shots - (0.793), W, 21-7-1, 60:00 minutes
Players Stats for Rocket
Player Name G A P +/- PIM S H SB GA TA FO MP PP MP PK MP
------------------------------------------------------------------------------------
Andrei Mironov 0 0 0 2 0 1 1 0 1 1 0/0 18:13 2:38 1:23
Brandon Pirri 2 0 2 -2 2 3 3 1 1 0 1/1 23:55 3:05 2:26
Chris Bigras 0 0 0 -5 0 1 0 5 1 1 0/0 25:45 3:20 2:49
Dean Kukan 0 0 0 -5 0 0 1 3 1 1 0/0 25:45 3:20 2:49
Dominic Turgeon 0 1 1 -2 0 0 3 1 2 0 16/40 24:10 3:05 2:40
Dylan DeMelo 0 0 0 3 0 1 0 2 0 0 0/0 9:51 0:00 0:00
Francis Perron 0 0 0 -1 0 0 2 0 1 0 0/0 8:40 0:09 1:01
Jack Glover 0 1 1 3 0 0 0 0 0 1 0/0 9:51 0:00 0:00
Jakob Lilja 0 1 1 1 0 1 2 0 0 0 0/0 11:57 0:00 0:18
JC Lipon 0 1 1 -1 0 2 0 1 0 0 0/0 7:37 0:09 0:00
Karson Kuhlman 0 0 0 1 0 3 1 0 2 0 3/7 12:12 0:09 0:18
Luke Kunin 0 1 1 -1 0 2 1 0 1 0 2/3 7:22 0:00 0:00
Peter Holland 1 0 1 1 0 2 1 0 3 0 4/6 15:58 2:44 0:56
Rasmus Sandin 0 0 0 -1 0 0 0 0 0 0 0/0 6:11 0:00 0:00
Ryan Collins 0 0 0 -1 0 0 0 1 0 0 0/0 6:11 0:00 0:00
Scott Wilson 0 1 1 -2 0 5 1 0 0 0 1/3 21:30 3:05 0:00
Sergey Tolchinsky 1 1 2 1 2 4 3 1 2 0 1/1 15:46 2:44 0:45
Troy Terry 0 1 1 1 2 0 1 0 1 0 1/1 14:59 2:44 0:00
Ty Rattie 1 0 1 1 0 2 0 0 0 0 0/0 11:39 0:00 0:00
Viktor Loov 1 1 2 2 0 2 1 1 0 1 0/0 18:13 2:38 1:23
Players Stats for Griffins
Player Name G A P +/- PIM S H SB GA TA FO MP PP MP PK MP
------------------------------------------------------------------------------------
Andrey Pedan 0 0 0 0 2 1 3 0 0 1 0/0 20:33 0:00 1:20
Brendan Leipsic 0 1 1 0 0 2 0 0 0 0 2/5 9:36 0:09 1:42
Christoffer Ehn 0 0 0 -1 0 4 2 0 0 2 8/14 18:26 1:41 1:38
Filip Hronek 0 2 2 0 0 1 0 2 1 4 0/0 25:31 1:50 3:19
Ian McCoshen 1 1 2 2 2 1 0 0 0 1 0/0 13:29 0:22 2:06
Jack Studnicka 0 0 0 0 0 1 1 0 0 0 0/1 7:45 0:00 0:00
Klim Kostin 0 1 1 0 0 1 1 0 0 0 0/0 11:23 0:09 1:25
Lucas Lessio 2 2 4 2 0 2 4 0 0 0 2/4 23:38 2:22 2:49
Martin Frk 2 0 2 2 0 8 1 2 0 0 3/3 19:36 2:31 0:00
Morgan Barron 0 0 0 0 0 3 0 0 0 0 0/0 8:03 0:00 0:18
Morgan Geekie 0 1 1 0 0 1 0 0 0 0 0/1 9:46 0:00 0:00
Nico Hischier 0 2 2 2 0 1 2 0 0 0 14/27 20:20 2:22 0:53
Nils Lundkvist 0 0 0 0 0 3 0 1 0 1 0/0 16:45 2:12 0:00
Riley Armstrong 2 0 2 0 4 3 2 0 2 0 4/7 15:22 2:00 1:57
Robbie Russo 0 1 1 1 0 0 0 2 0 6 0/0 15:59 0:00 1:27
Robby Fabbri 0 0 0 -1 0 0 2 0 1 0 0/0 16:44 1:41 1:14
Ryan Pulock 0 0 0 0 0 1 0 1 1 0 0/0 19:16 2:00 2:20
Sebastian Ahaut 0 0 0 -1 0 1 0 0 0 0 0/0 6:22 0:00 1:24
Sonny Milano 0 0 0 -1 0 4 1 0 0 1 0/0 15:24 1:41 0:00
3 Stars
1 - Lucas Lessio (Gra)
2 - Martin Frk (Gra)
3 - Viktor Loov (Lav)
Power Play
Rocket - 1 on 4 Attempt(s) - 25.00%
Griffins - 1 on 3 Attempt(s) - 33.33%
Penalty Kill
Rocket - 2 on 3 Attempt(s) - 66.67%
- Score 0 goal in Penalty Kill
Griffins - 3 on 4 Attempt(s) - 75.00%
- Score 0 goal in Penalty Kill
Team Stat
Rocket - Hits : 21 - Faceoff Wins : 29 - Blocked Shots : 16 - Penalty Minutes : 6
Griffins - Hits : 19 - Faceoff Wins : 33 - Blocked Shots : 8 - Penalty Minutes : 8
Official
Referees : Dan O'Rourke and Kendrick Nicholson
Linesman : Michel Cormier and Brandon Gawryletz
Game Notes
No Game Note
Finance
Level 1 -- Attendance: 1838 (91.90%) -- Ticket Income $128,660
Level 2 -- Attendance: 892 (89.20%) -- Ticket Income $35,680
Total Attendance: 2730 (91.00%)
Total Ticket Income: $164,340
Other Income: $8,217
Total Income: $172,557
Rocket
5 vs 5 Forward
Center Left Wing Right Wing Time % Phy DF OF
1 Dominic Turgeon Brandon Pirri Scott Wilson 40 1 2 2
2 Peter Holland Sergey Tolchinsky Troy Terry 30 1 2 2
3 Karson Kuhlman Jakob Lilja Ty Rattie 20 1 2 2
4 Luke Kunin Francis Perron JC Lipon 10 1 2 2
5 vs 5 Defense
Defense Defense Time % Phy DF OF
1 Dean Kukan Chris Bigras 40 1 2 2
2 Viktor Loov Andrei Mironov 30 1 2 2
3 Dylan DeMelo Jack Glover 20 1 2 2
4 Ryan Collins Rasmus Sandin 10 1 2 2
PowerPlay Forward
Center Left Wing Right Wing Time % Phy DF OF
1 Dominic Turgeon Brandon Pirri Scott Wilson 60 1 2 2
2 Peter Holland Sergey Tolchinsky Troy Terry 40 1 2 2
PowerPlay Defense
Defense Defense Time % Phy DF OF
1 Dean Kukan Chris Bigras 60 1 2 2
2 Viktor Loov Andrei Mironov 40 1 2 2
Penalty Kill 4 Players Forward
Center Wing Time % Phy DF OF
1 Dominic Turgeon Brandon Pirri 60 1 2 2
2 Peter Holland Sergey Tolchinsky 40 1 2 2
Penalty Kill 4 Players Defense
Defense Defense Time % Phy DF OF
1 Dean Kukan Chris Bigras 60 1 2 2
2 Viktor Loov Andrei Mironov 40 1 2 2
Penalty Kill - 3 Players Forward
Forward Time % Phy DF OF
1 Dominic Turgeon 60 1 2 2
2 Peter Holland 40 1 2 2
Penalty Kill - 3 Players Defense
Defense Defense Time % Phy DF OF
1 Dean Kukan Chris Bigras 60 1 2 2
2 Viktor Loov Andrei Mironov 40 1 2 2
4 vs 4 Forward
Center Wing Time % Phy DF OF
1 Dominic Turgeon Brandon Pirri 60 1 2 2
2 Peter Holland Sergey Tolchinsky 40 1 2 2
4 vs 4 Defense
Defense Defense Time % Phy DF OF
1 Dean Kukan Chris Bigras 60 1 2 2
2 Viktor Loov Andrei Mironov 40 1 2 2
Last Minutes Offensive
Center Left Wing Right Wing Defense Defense
Dominic Turgeon Brandon Pirri Scott Wilson Dean Kukan Chris Bigras
Last Minutes Defensive
Center Left Wing Right Wing Defense Defense
Dominic Turgeon Brandon Pirri Scott Wilson Dean Kukan Chris Bigras
Goaltenders
Starting : Eamon McAdam
Backup : Jamie Phillips
Extra Forwards
Normal : Sergey Tolchinsky, Karson Kuhlman, Troy Terry - PP : Sergey Tolchinsky, Karson Kuhlman - PK : Sergey Tolchinsky
Extra Defensemen
Normal : Jack Glover, Ryan Collins, Rasmus Sandin - PP : Jack Glover - PK : Jack Glover, Ryan Collins
Penalty Shots
Brandon Pirri, Scott Wilson, Dominic Turgeon, Peter Holland, Sergey Tolchinsky
Custom OT Lines Forwards
Brandon Pirri, Scott Wilson, Dominic Turgeon, Peter Holland, Sergey Tolchinsky, Karson Kuhlman, Troy Terry, Ty Rattie, Jakob Lilja, JC Lipon
Custom OT Lines Defensemen
Dean Kukan, Chris Bigras, Viktor Loov, Andrei Mironov, Dylan DeMelo
Scratches
Branden Troock (Healthy), Damien Giroux (Healthy), Reese Johnson (Healthy), Jake Pivonka (Healthy), Raphael Bussieres (Broken Bone (Right Foot) Injury)
Taylor Leier (Healthy), MacKenzie Entwistle (Healthy), Zack MacEwen (Healthy), Mikhail Maltsev (Abdominal Strain Injury), Niklas Nordgren (Healthy)
Alexis Gravel (Healthy), Connor Ingram (Healthy)
Griffins
5 vs 5 Forward
Center Left Wing Right Wing Time % Phy DF OF
1 Nico Hischier Lucas Lessio Martin Frk 40 1 2 2
2 Christoffer Ehn Sonny Milano Robby Fabbri 30 1 2 2
3 Riley Armstrong Klim Kostin Morgan Geekie 20 1 2 2
4 Brendan Leipsic Morgan Barron Jack Studnicka 10 1 2 2
5 vs 5 Defense
Defense Defense Time % Phy DF OF
1 Filip Hronek Andrey Pedan 40 1 2 2
2 Ryan Pulock Nils Lundkvist 30 1 2 2
3 Robbie Russo Ian McCoshen 20 1 2 2
4 Robbie Russo Sebastian Ahaut 10 1 2 2
PowerPlay Forward
Center Left Wing Right Wing Time % Phy DF OF
1 Nico Hischier Lucas Lessio Martin Frk 60 1 2 2
2 Christoffer Ehn Sonny Milano Robby Fabbri 40 1 2 2
PowerPlay Defense
Defense Defense Time % Phy DF OF
1 Filip Hronek Nils Lundkvist 60 1 2 2
2 Ryan Pulock Riley Armstrong 40 1 2 2
Penalty Kill 4 Players Forward
Center Wing Time % Phy DF OF
1 Riley Armstrong Lucas Lessio 60 1 2 2
2 Christoffer Ehn Robby Fabbri 40 1 2 2
Penalty Kill 4 Players Defense
Defense Defense Time % Phy DF OF
1 Filip Hronek Ian McCoshen 60 1 2 2
2 Ryan Pulock Andrey Pedan 40 1 2 2
Penalty Kill - 3 Players Forward
Forward Time % Phy DF OF
1 Christoffer Ehn 60 1 2 2
2 Riley Armstrong 40 1 2 2
Penalty Kill - 3 Players Defense
Defense Defense Time % Phy DF OF
1 Filip Hronek Ian McCoshen 60 1 2 2
2 Ryan Pulock Andrey Pedan 40 1 2 2
4 vs 4 Forward
Center Wing Time % Phy DF OF
1 Christoffer Ehn Robby Fabbri 60 1 2 2
2 Nico Hischier Martin Frk 40 1 2 2
4 vs 4 Defense
Defense Defense Time % Phy DF OF
1 Filip Hronek Ian McCoshen 60 1 2 2
2 Ryan Pulock Andrey Pedan 40 1 2 2
Last Minutes Offensive
Center Left Wing Right Wing Defense Defense
Nico Hischier Lucas Lessio Martin Frk Filip Hronek Nils Lundkvist
Last Minutes Defensive
Center Left Wing Right Wing Defense Defense
Christoffer Ehn Lucas Lessio Riley Armstrong Filip Hronek Ian McCoshen
Goaltenders
Starting : Marcus Hogberg
Backup : Adam Werner
Extra Forwards
Normal : Morgan Geekie, Klim Kostin, Brendan Leipsic - PP : Klim Kostin, Brendan Leipsic - PK : Brendan Leipsic
Extra Defensemen
Normal : Andrey Pedan, Robbie Russo, Sebastian Ahaut - PP : Ian McCoshen - PK : Robbie Russo, Sebastian Ahaut
Penalty Shots
Sonny Milano, Robby Fabbri, Martin Frk, Lucas Lessio, Klim Kostin
Custom OT Lines Forwards
Lucas Lessio, Nico Hischier, Robby Fabbri, Christoffer Ehn, Martin Frk, Riley Armstrong, Morgan Geekie, Brendan Leipsic, Klim Kostin, Jack Studnicka
Custom OT Lines Defensemen
Filip Hronek, Ian McCoshen, Ryan Pulock, Andrey Pedan, Nils Lundkvist
Scratches
Cody Glass (Sprained Left Ankle Injury), Jack Ramsey (Healthy), Jesse Graham (Healthy), Michael Bunting (Healthy), Conor Timmins (Healthy)
Tyler Lewington (Healthy), Calvin Thurkauf (Healthy), Oskar Steen (Healthy), Nick Swaney (Healthy), Dominik Bokk (Healthy)
Philippe Desrosiers (Healthy)
% Time on Ice - Rocket
Lines # - Real PCT - Wanted PCT - Time Play
Normal Forward
1 - 36% - 40% - 17:18
2 - 25% - 30% - 12:16
3 - 24% - 20% - 11:39
4 - 15% - 10% - 7:22
Normal Defense
1 - 38% - 40% - 18:21
2 - 29% - 30% - 14:12
3 - 20% - 20% - 9:51
4 - 13% - 10% - 6:11
PP Forward
1 - 54% - 60% - 3:14
2 - 46% - 40% - 2:44
PP Defense
1 - 56% - 60% - 3:20
2 - 44% - 40% - 2:38
PK Forward
1 - 81% - 60% - 3:24
2 - 19% - 40% - 0:48
PK Defense
1 - 67% - 60% - 2:49
2 - 33% - 40% - 1:23
PK3 Forward
1 - 0% - 60%
2 - 0% - 40%
PK3 Defense
1 - 0% - 60%
2 - 0% - 40%
44 Forward
1 - 0% - 60%
2 - 0% - 40%
44 Defense
1 - 0% - 60%
2 - 0% - 40%
Last Minute Offensive - 1:15
Last Minute Defensive - 0:00
Total
Forward - 60:00
Defense - 60:00
|
% Time on Ice - Griffins
Lines # - Real PCT - Wanted PCT - Time Play
Normal Forward
1 - 36% - 40% - 17:15
2 - 28% - 30% - 13:49
3 - 20% - 20% - 9:46
4 - 16% - 10% - 7:45
Normal Defense
1 - 39% - 40% - 19:10
2 - 31% - 30% - 14:56
3 - 20% - 20% - 9:34
4 - 10% - 10% - 4:55
PP Forward
1 - 60% - 60% - 2:31
2 - 40% - 40% - 1:41
PP Defense
1 - 52% - 60% - 2:12
2 - 48% - 40% - 2:00
PK Forward
1 - 79% - 60% - 4:44
2 - 21% - 40% - 1:14
PK Defense
1 - 61% - 60% - 3:38
2 - 39% - 40% - 2:20
PK3 Forward
1 - 0% - 60%
2 - 0% - 40%
PK3 Defense
1 - 0% - 60%
2 - 0% - 40%
44 Forward
1 - 0% - 60%
2 - 0% - 40%
44 Defense
1 - 0% - 60%
2 - 0% - 40%
Last Minute Offensive - 0:00
Last Minute Defensive - 1:15
Total
Forward - 60:00
Defense - 60:00
|
Play-by-Play
1st period
0:01 of 1st period - Nico Hischier wins face-off versus Dominic Turgeon in neutral zone.
1:05 of 1st period - Wrist shot by Brandon Pirri.
1:05 of 1st period - Goal by Brandon Pirri - Rocket : 1 - Griffins : 0.
1:06 of 1st period - Luke Kunin wins face-off versus Jack Studnicka in neutral zone.
3:02 of 1st period - Chris Bigras is hit by Andrey Pedan and loses puck.
3:17 of 1st period - Dylan DeMelo is hit by Christoffer Ehn and loses puck.
3:42 of 1st period - Slapshot by Filip Hronek.
3:42 of 1st period - Stopped by Eamon McAdam without a rebound.
3:43 of 1st period - Dominic Turgeon wins face-off versus Nico Hischier in Rocket zone.
3:48 of 1st period - Snap shot by Scott Wilson.
3:48 of 1st period - Shot Blocked by Martin Frk.
4:00 of 1st period - Snap shot by Martin Frk.
4:00 of 1st period - Shot Misses the Net.
4:20 of 1st period - Snap shot by Riley Armstrong.
4:20 of 1st period - Shot Misses the Net.
4:22 of 1st period - Snap shot by Sebastian Ahaut.
4:22 of 1st period - Shot Blocked by Dominic Turgeon.
4:43 of 1st period - Jack Glover is hit by Robby Fabbri and loses puck.
5:18 of 1st period - Wrist shot by Francis Perron.
5:18 of 1st period - Shot Blocked by Nils Lundkvist.
5:20 of 1st period - Wrist shot by JC Lipon.
5:20 of 1st period - Stopped by Marcus Hogberg with a rebound.
5:38 of 1st period - Wrist shot by Morgan Geekie.
5:38 of 1st period - Shot Misses the Net.
6:00 of 1st period - Slapshot by Christoffer Ehn.
6:00 of 1st period - Shot Misses the Net.
6:02 of 1st period - Slapshot by Ryan Pulock.
6:02 of 1st period - Stopped by Eamon McAdam without a rebound.
6:03 of 1st period - Peter Holland wins face-off versus Christoffer Ehn in Rocket zone.
6:21 of 1st period - Wrist shot by Christoffer Ehn.
6:21 of 1st period - Shot Blocked by Chris Bigras.
6:23 of 1st period - Wrist shot by Sonny Milano.
6:23 of 1st period - Shot Misses the Net.
6:25 of 1st period - Snap shot by Christoffer Ehn.
6:25 of 1st period - Shot Misses the Net.
6:29 of 1st period - Wrist shot by Sonny Milano.
6:29 of 1st period - Stopped by Eamon McAdam with a rebound.
6:31 of 1st period - Slapshot by Andrey Pedan.
6:31 of 1st period - Shot Misses the Net.
6:33 of 1st period - Slapshot by Robby Fabbri.
6:33 of 1st period - Shot Misses the Net.
6:35 of 1st period - Slapshot by Andrey Pedan.
6:35 of 1st period - Deflect By Christoffer Ehn.
6:35 of 1st period - Shot Misses the Net.
6:35 of 1st period - Puck is out of play.
6:36 of 1st period - Dominic Turgeon wins face-off versus Nico Hischier in Rocket zone.
6:51 of 1st period - Wrist shot by Brandon Pirri.
6:51 of 1st period - Shot Misses the Net.
7:01 of 1st period - Ian McCoshen is hit by Luke Kunin and loses puck.
7:06 of 1st period - Wrist shot by Luke Kunin.
7:06 of 1st period - Stopped by Marcus Hogberg with a rebound.
7:08 of 1st period - Slapshot by JC Lipon.
7:08 of 1st period - Shot Misses the Net.
7:10 of 1st period - Slapshot by Dylan DeMelo.
7:10 of 1st period - Stopped by Marcus Hogberg without a rebound.
7:11 of 1st period - Christoffer Ehn wins face-off versus Dominic Turgeon in Griffins zone.
7:27 of 1st period - Wrist shot by Sonny Milano.
7:27 of 1st period - Shot Misses the Net.
7:39 of 1st period - Wrist shot by Peter Holland.
7:39 of 1st period - Deflect By Troy Terry.
7:39 of 1st period - Shot Misses the Net.
7:39 of 1st period - Puck is out of play.
7:40 of 1st period - Peter Holland wins face-off versus Riley Armstrong in Griffins zone.
7:51 of 1st period - Snap shot by Klim Kostin.
7:51 of 1st period - Shot Blocked by Dean Kukan.
7:53 of 1st period - Slapshot by Robbie Russo.
7:53 of 1st period - Shot Blocked by Chris Bigras.
7:55 of 1st period - Wrist shot by Morgan Geekie.
7:55 of 1st period - Shot Hit the Post.
7:57 of 1st period - Slapshot by Sebastian Ahaut.
7:57 of 1st period - Shot Blocked by Sergey Tolchinsky.
7:59 of 1st period - Snap shot by Riley Armstrong.
7:59 of 1st period - Shot Blocked by Chris Bigras.
8:01 of 1st period - Snap shot by Riley Armstrong.
8:01 of 1st period - Shot Misses the Net.
8:07 of 1st period - Slapshot by Morgan Geekie.
8:07 of 1st period - Deflect By Klim Kostin.
8:07 of 1st period - Stopped by Eamon McAdam with a rebound.
8:09 of 1st period - Slapshot by Nils Lundkvist.
8:09 of 1st period - Stopped by Eamon McAdam with a rebound.
8:11 of 1st period - Wrist shot by Nils Lundkvist.
8:11 of 1st period - Stopped by Eamon McAdam with a rebound.
8:13 of 1st period - Wrist shot by Riley Armstrong.
8:13 of 1st period - Stopped by Eamon McAdam without a rebound.
8:14 of 1st period - Dominic Turgeon wins face-off versus Nico Hischier in Rocket zone.
8:17 of 1st period - Wrist shot by Lucas Lessio.
8:17 of 1st period - Shot Misses the Net.
8:29 of 1st period - Wrist shot by Martin Frk.
8:29 of 1st period - Stopped by Eamon McAdam without a rebound.
8:30 of 1st period - Christoffer Ehn wins face-off versus Karson Kuhlman in Rocket zone.
8:41 of 1st period - Snap shot by Sonny Milano.
8:41 of 1st period - Shot Misses the Net.
8:57 of 1st period - Viktor Loov is hit by Lucas Lessio.
9:01 of 1st period - Filip Hronek is hit by Dominic Turgeon and loses puck.
9:18 of 1st period - Snap shot by Sergey Tolchinsky.
9:18 of 1st period - Shot Misses the Net.
9:20 of 1st period - Snap shot by Peter Holland.
9:20 of 1st period - Goal by Peter Holland - Rocket : 2 - Griffins : 0.
9:21 of 1st period - Nico Hischier wins face-off versus Dominic Turgeon in neutral zone.
9:24 of 1st period - Dean Kukan is hit by Martin Frk and loses puck.
9:37 of 1st period - Wrist shot by Martin Frk.
9:37 of 1st period - Stopped by Eamon McAdam with a rebound.
10:06 of 1st period - Icing by Ian McCoshen.
10:07 of 1st period - Karson Kuhlman wins face-off versus Christoffer Ehn in Griffins zone.
10:36 of 1st period - Slapshot by Ty Rattie.
10:36 of 1st period - Shot Blocked by Robbie Russo.
10:58 of 1st period - Wrist shot by Morgan Barron.
10:58 of 1st period - Stopped by Eamon McAdam with a rebound.
11:00 of 1st period - Slapshot by Ian McCoshen.
11:00 of 1st period - Shot Misses the Net.
11:02 of 1st period - Slapshot by Jack Studnicka.
11:02 of 1st period - Stopped by Eamon McAdam with a rebound.
11:06 of 1st period - Wrist shot by Brendan Leipsic.
11:06 of 1st period - Shot Misses the Net.
11:08 of 1st period - Slapshot by Ian McCoshen.
11:08 of 1st period - Shot Misses the Net.
11:19 of 1st period - Off-side.
11:20 of 1st period - Riley Armstrong wins face-off versus Luke Kunin in neutral zone.
11:25 of 1st period - Wrist shot by Morgan Geekie.
11:25 of 1st period - Shot Blocked by JC Lipon.
11:27 of 1st period - Slapshot by Nils Lundkvist.
11:27 of 1st period - Stopped by Eamon McAdam without a rebound.
11:28 of 1st period - Dominic Turgeon wins face-off versus Nico Hischier in Rocket zone.
12:20 of 1st period - Riley Armstrong is hit by Peter Holland and loses puck.
12:33 of 1st period - Snap shot by Brendan Leipsic.
12:33 of 1st period - Stopped by Eamon McAdam without a rebound.
12:34 of 1st period - Luke Kunin wins face-off versus Brendan Leipsic in Rocket zone.
14:34 of 1st period - Slapshot by Martin Frk.
14:34 of 1st period - Stopped by Eamon McAdam without a rebound.
14:35 of 1st period - Christoffer Ehn wins face-off versus Peter Holland in Rocket zone.
15:18 of 1st period - Minor Penalty to Brandon Pirri for Holding.
15:19 of 1st period - Nico Hischier wins face-off versus Dominic Turgeon in Rocket zone.
15:32 of 1st period - Snap shot by Martin Frk.
15:32 of 1st period - Goal by Martin Frk - Rocket : 2 - Griffins : 1.
15:33 of 1st period - Nico Hischier wins face-off versus Dominic Turgeon in neutral zone.
16:02 of 1st period - Christoffer Ehn is hit by Sergey Tolchinsky and loses puck.
16:23 of 1st period - Ryan Pulock is hit by Viktor Loov and loses puck.
17:16 of 1st period - Slapshot by Martin Frk.
17:16 of 1st period - Shot Misses the Net.
17:50 of 1st period - Andrey Pedan is hit by Karson Kuhlman and loses puck.
17:55 of 1st period - Snap shot by Ty Rattie.
17:55 of 1st period - Stopped by Marcus Hogberg without a rebound.
17:56 of 1st period - Nico Hischier wins face-off versus Dominic Turgeon in Griffins zone.
17:56 of 1st period - Nico Hischier is hit by Brandon Pirri.
18:23 of 1st period - Ian McCoshen is hit by Sergey Tolchinsky and loses puck.
18:32 of 1st period - Wrist shot by Sergey Tolchinsky.
18:32 of 1st period - Shot Blocked by Robbie Russo.
18:50 of 1st period - Snap shot by Ty Rattie.
18:50 of 1st period - Shot Misses the Net.
19:33 of 1st period - Brandon Pirri is hit by Lucas Lessio and loses puck.
19:44 of 1st period - Slapshot by Brandon Pirri.
19:44 of 1st period - Shot Misses the Net.
19:50 of 1st period - Peter Holland is hit by Sonny Milano and loses puck.
Goals for this period are 2 for Rocket vs 1 for Griffins.
Shots for this period are 6 for Rocket vs 15 for Griffins.
2nd period
0:01 of 2nd period - Dominic Turgeon wins face-off versus Nico Hischier in neutral zone.
0:06 of 2nd period - Slapshot by Brandon Pirri.
0:06 of 2nd period - Stopped by Marcus Hogberg with a rebound.
0:28 of 2nd period - Snap shot by Sergey Tolchinsky.
0:28 of 2nd period - Stopped by Marcus Hogberg without a rebound.
0:29 of 2nd period - Sergey Tolchinsky wins face-off versus Christoffer Ehn in Griffins zone.
0:37 of 2nd period - Off-side.
0:38 of 2nd period - Nico Hischier wins face-off versus Dominic Turgeon in neutral zone.
0:53 of 2nd period - Icing by Martin Frk.
0:54 of 2nd period - Peter Holland wins face-off versus Nico Hischier in Griffins zone.
1:07 of 2nd period - Wrist shot by Martin Frk.
1:07 of 2nd period - Stopped by Eamon McAdam with a rebound.
1:36 of 2nd period - Snap shot by Morgan Geekie.
1:36 of 2nd period - Shot Blocked by Chris Bigras.
2:06 of 2nd period - Francis Perron is hit by Jack Studnicka and loses puck.
2:11 of 2nd period - Snap shot by Morgan Barron.
2:11 of 2nd period - Stopped by Eamon McAdam with a rebound.
2:13 of 2nd period - Slapshot by Sebastian Ahaut.
2:13 of 2nd period - Deflect By Brendan Leipsic.
2:13 of 2nd period - Shot Blocked by Viktor Loov.
2:13 of 2nd period - Puck is out of play.
2:14 of 2nd period - Dominic Turgeon wins face-off versus Lucas Lessio in Rocket zone.
2:18 of 2nd period - Off-side.
2:19 of 2nd period - Nico Hischier wins face-off versus Dominic Turgeon in neutral zone.
2:45 of 2nd period - Sergey Tolchinsky is hit by Klim Kostin and loses puck.
3:31 of 2nd period - Wrist shot by Brendan Leipsic.
3:31 of 2nd period - Stopped by Eamon McAdam with a rebound.
3:33 of 2nd period - Slapshot by Robbie Russo.
3:33 of 2nd period - Shot Blocked by Chris Bigras.
3:35 of 2nd period - Wrist shot by Ian McCoshen.
3:35 of 2nd period - Goal by Ian McCoshen - Rocket : 2 - Griffins : 2.
3:36 of 2nd period - Dominic Turgeon wins face-off versus Lucas Lessio in neutral zone.
3:53 of 2nd period - Snap shot by Nico Hischier.
3:53 of 2nd period - Shot Misses the Net.
4:50 of 2nd period - Slapshot by Christoffer Ehn.
4:50 of 2nd period - Stopped by Eamon McAdam with a rebound.
4:52 of 2nd period - Slapshot by Ryan Pulock.
4:52 of 2nd period - Shot Misses the Net.
4:54 of 2nd period - Snap shot by Sonny Milano.
4:54 of 2nd period - Stopped by Eamon McAdam with a rebound.
5:34 of 2nd period - Ryan Pulock is hit by Francis Perron and loses puck.
5:41 of 2nd period - Snap shot by Luke Kunin.
5:41 of 2nd period - Stopped by Marcus Hogberg with a rebound.
6:18 of 2nd period - Snap shot by Nico Hischier.
6:18 of 2nd period - Stopped by Eamon McAdam with a rebound.
6:20 of 2nd period - Wrist shot by Lucas Lessio.
6:20 of 2nd period - Deflect By Martin Frk.
6:20 of 2nd period - Deflect By Francis Perron.
6:20 of 2nd period - Goal by Martin Frk - Rocket : 2 - Griffins : 3.
6:21 of 2nd period - Dominic Turgeon wins face-off versus Morgan Geekie in neutral zone.
6:29 of 2nd period - Minor Penalty to Riley Armstrong for Hooking.
6:30 of 2nd period - Dominic Turgeon wins face-off versus Brendan Leipsic in Griffins zone.
7:05 of 2nd period - Snap shot by Sergey Tolchinsky.
7:05 of 2nd period - Stopped by Marcus Hogberg with a rebound.
7:07 of 2nd period - Slapshot by Peter Holland.
7:07 of 2nd period - Stopped by Marcus Hogberg with a rebound.
7:27 of 2nd period - Andrey Pedan is hit by Brandon Pirri and loses puck.
8:29 of 2nd period - Penalty to Riley Armstrong is over, Riley Armstrong is back on ice.
9:29 of 2nd period - Nico Hischier is hit by Dominic Turgeon and loses puck.
9:46 of 2nd period - Andrey Pedan is hit by Francis Perron and loses puck.
10:16 of 2nd period - Brendan Leipsic is hit by Brandon Pirri and loses puck.
11:04 of 2nd period - Minor Penalty to Riley Armstrong for Roughing.
11:05 of 2nd period - Dominic Turgeon wins face-off versus Brendan Leipsic in Griffins zone.
11:05 of 2nd period - Snap shot by Brandon Pirri.
11:05 of 2nd period - Goal by Brandon Pirri - Rocket : 3 - Griffins : 3.
11:06 of 2nd period - Martin Frk wins face-off versus Dominic Turgeon in neutral zone.
11:08 of 2nd period - Off-side.
11:09 of 2nd period - Lucas Lessio wins face-off versus Dominic Turgeon in neutral zone.
11:18 of 2nd period - Slapshot by Martin Frk.
11:18 of 2nd period - Stopped by Eamon McAdam with a rebound.
11:20 of 2nd period - Wrist shot by Andrey Pedan.
11:20 of 2nd period - Stopped by Eamon McAdam with a rebound.
11:36 of 2nd period - Klim Kostin is hit by Troy Terry and loses puck.
11:45 of 2nd period - Wrist shot by Riley Armstrong.
11:45 of 2nd period - Goal by Riley Armstrong - Rocket : 3 - Griffins : 4.
11:46 of 2nd period - Nico Hischier wins face-off versus Dominic Turgeon in neutral zone.
13:40 of 2nd period - Riley Armstrong is hit by Sergey Tolchinsky.
14:06 of 2nd period - Slapshot by Karson Kuhlman.
14:06 of 2nd period - Shot Hit the Post.
14:08 of 2nd period - Wrist shot by Karson Kuhlman.
14:08 of 2nd period - Deflect By Ty Rattie.
14:08 of 2nd period - Shot Misses the Net.
14:08 of 2nd period - Puck is out of play.
14:09 of 2nd period - Dominic Turgeon wins face-off versus Nico Hischier in Griffins zone.
14:09 of 2nd period - Dominic Turgeon is hit by Andrey Pedan.
14:21 of 2nd period - Slapshot by Filip Hronek.
14:21 of 2nd period - Shot Misses the Net.
14:23 of 2nd period - Slapshot by Filip Hronek.
14:23 of 2nd period - Shot Blocked by Brandon Pirri.
14:25 of 2nd period - Snap shot by Lucas Lessio.
14:25 of 2nd period - Goal by Lucas Lessio - Rocket : 3 - Griffins : 5.
14:26 of 2nd period - Nico Hischier wins face-off versus Dominic Turgeon in neutral zone.
15:15 of 2nd period - Slapshot by Brendan Leipsic.
15:15 of 2nd period - Shot Blocked by Dean Kukan.
15:17 of 2nd period - Backhand shot by Robbie Russo.
15:17 of 2nd period - Shot Blocked by Dean Kukan.
15:37 of 2nd period - Wrist shot by JC Lipon.
15:37 of 2nd period - Shot Misses the Net.
15:39 of 2nd period - Slapshot by Viktor Loov.
15:39 of 2nd period - Goal by Viktor Loov - Rocket : 4 - Griffins : 5.
15:40 of 2nd period - Martin Frk wins face-off versus Dominic Turgeon in neutral zone.
15:49 of 2nd period - Slapshot by Martin Frk.
15:49 of 2nd period - Shot Misses the Net.
16:36 of 2nd period - Slapshot by Jakob Lilja.
16:36 of 2nd period - Deflect By Ty Rattie.
16:36 of 2nd period - Shot Misses the Net.
16:36 of 2nd period - Puck is out of play.
16:37 of 2nd period - Karson Kuhlman wins face-off versus Nico Hischier in Griffins zone.
16:42 of 2nd period - Snap shot by Karson Kuhlman.
16:42 of 2nd period - Stopped by Marcus Hogberg with a rebound.
16:44 of 2nd period - Slapshot by Andrei Mironov.
16:44 of 2nd period - Stopped by Marcus Hogberg without a rebound.
16:45 of 2nd period - Karson Kuhlman wins face-off versus Nico Hischier in Griffins zone.
16:46 of 2nd period - Wrist shot by Jakob Lilja.
16:46 of 2nd period - Stopped by Marcus Hogberg with a rebound.
16:48 of 2nd period - Wrist shot by Viktor Loov.
16:48 of 2nd period - Deflect By Ty Rattie.
16:48 of 2nd period - Goal by Ty Rattie - Rocket : 5 - Griffins : 5.
16:49 of 2nd period - Dominic Turgeon wins face-off versus Nico Hischier in neutral zone.
16:49 of 2nd period - Dominic Turgeon is hit by Lucas Lessio.
16:55 of 2nd period - Slapshot by Brandon Pirri.
16:55 of 2nd period - Shot Misses the Net.
16:59 of 2nd period - Wrist shot by Dominic Turgeon.
16:59 of 2nd period - Deflect By Martin Frk.
16:59 of 2nd period - Shot Blocked by Martin Frk.
16:59 of 2nd period - Puck is out of play.
17:00 of 2nd period - Dominic Turgeon wins face-off versus Nico Hischier in Griffins zone.
17:13 of 2nd period - Snap shot by Scott Wilson.
17:13 of 2nd period - Shot Misses the Net.
17:15 of 2nd period - Wrist shot by Brandon Pirri.
17:15 of 2nd period - Shot Misses the Net.
18:12 of 2nd period - Slapshot by Luke Kunin.
18:12 of 2nd period - Shot Misses the Net.
18:14 of 2nd period - Snap shot by JC Lipon.
18:14 of 2nd period - Shot Misses the Net.
18:16 of 2nd period - Snap shot by JC Lipon.
18:16 of 2nd period - Stopped by Marcus Hogberg with a rebound.
18:45 of 2nd period - Wrist shot by Christoffer Ehn.
18:45 of 2nd period - Shot Blocked by Dylan DeMelo.
18:50 of 2nd period - Minor Penalty to Troy Terry for Holding.
18:51 of 2nd period - Brandon Pirri wins face-off versus Nico Hischier in Rocket zone.
19:13 of 2nd period - Dominic Turgeon is hit by Nico Hischier and loses puck.
19:30 of 2nd period - Dominic Turgeon is hit by Christoffer Ehn.
Goals for this period are 3 for Rocket vs 4 for Griffins.
Shots for this period are 12 for Rocket vs 12 for Griffins.
3rd period
0:01 of 3rd period - Nico Hischier wins face-off versus Dominic Turgeon in neutral zone.
0:50 of 3rd period - Penalty to Troy Terry is over, Troy Terry is back on ice.
0:59 of 3rd period - Off-side.
1:00 of 3rd period - Brendan Leipsic wins face-off versus Karson Kuhlman in neutral zone.
1:25 of 3rd period - Peter Holland is hit by Robby Fabbri.
1:26 of 3rd period - Icing by Peter Holland.
1:27 of 3rd period - Peter Holland wins face-off versus Christoffer Ehn in Rocket zone.
1:42 of 3rd period - Wrist shot by Sergey Tolchinsky.
1:42 of 3rd period - Goal by Sergey Tolchinsky - Rocket : 6 - Griffins : 5.
1:43 of 3rd period - Lucas Lessio wins face-off versus Dominic Turgeon in neutral zone.
1:48 of 3rd period - Backhand shot by Lucas Lessio.
1:48 of 3rd period - Goal by Lucas Lessio - Rocket : 6 - Griffins : 6.
1:49 of 3rd period - Nico Hischier wins face-off versus Dominic Turgeon in neutral zone.
3:20 of 3rd period - Andrey Pedan is hit by Andrei Mironov and loses puck.
3:37 of 3rd period - Snap shot by Morgan Barron.
3:37 of 3rd period - Stopped by Eamon McAdam with a rebound.
4:05 of 3rd period - Sergey Tolchinsky is hit by Lucas Lessio and loses puck.
4:46 of 3rd period - Wrist shot by Nico Hischier.
4:46 of 3rd period - Shot Blocked by Ryan Collins.
4:58 of 3rd period - Snap shot by Martin Frk.
4:58 of 3rd period - Stopped by Eamon McAdam without a rebound.
4:59 of 3rd period - Dominic Turgeon wins face-off versus Christoffer Ehn in Rocket zone.
5:11 of 3rd period - Icing by Robbie Russo.
5:12 of 3rd period - Christoffer Ehn wins face-off versus Scott Wilson in Griffins zone.
5:19 of 3rd period - Snap shot by Christoffer Ehn.
5:19 of 3rd period - Stopped by Eamon McAdam with a rebound.
5:21 of 3rd period - Slapshot by Robbie Russo.
5:21 of 3rd period - Shot Misses the Net.
5:23 of 3rd period - Snap shot by Sonny Milano.
5:23 of 3rd period - Deflect By Brandon Pirri.
5:23 of 3rd period - Stopped by Eamon McAdam with a rebound.
5:25 of 3rd period - Backhand shot by Christoffer Ehn.
5:25 of 3rd period - Deflect By Robby Fabbri.
5:25 of 3rd period - Shot Misses the Net.
5:25 of 3rd period - Puck is out of play.
5:26 of 3rd period - Riley Armstrong wins face-off versus Dominic Turgeon in Rocket zone.
5:33 of 3rd period - Snap shot by Riley Armstrong.
5:33 of 3rd period - Goal by Riley Armstrong - Rocket : 6 - Griffins : 7.
5:34 of 3rd period - Nico Hischier wins face-off versus Dominic Turgeon in neutral zone.
6:26 of 3rd period - Wrist shot by Sergey Tolchinsky.
6:26 of 3rd period - Stopped by Marcus Hogberg without a rebound.
6:27 of 3rd period - Troy Terry wins face-off versus Riley Armstrong in Griffins zone.
6:32 of 3rd period - Wrist shot by Sergey Tolchinsky.
6:32 of 3rd period - Shot Blocked by Ryan Pulock.
6:54 of 3rd period - Andrei Mironov is hit by Nico Hischier and loses puck.
7:56 of 3rd period - Slapshot by Chris Bigras.
7:56 of 3rd period - Stopped by Marcus Hogberg with a rebound.
7:58 of 3rd period - Wrist shot by Scott Wilson.
7:58 of 3rd period - Stopped by Marcus Hogberg with a rebound.
8:12 of 3rd period - Klim Kostin is hit by Jakob Lilja and loses puck.
8:24 of 3rd period - Snap shot by Morgan Geekie.
8:24 of 3rd period - Stopped by Eamon McAdam without a rebound.
8:25 of 3rd period - Nico Hischier wins face-off versus Dominic Turgeon in Rocket zone.
8:34 of 3rd period - Slapshot by Lucas Lessio.
8:34 of 3rd period - Shot Blocked by Dylan DeMelo.
8:55 of 3rd period - Icing by Scott Wilson.
8:56 of 3rd period - Christoffer Ehn wins face-off versus Dominic Turgeon in Rocket zone.
8:57 of 3rd period - Slapshot by Sonny Milano.
8:57 of 3rd period - Stopped by Eamon McAdam with a rebound.
9:11 of 3rd period - Wrist shot by Brandon Pirri.
9:11 of 3rd period - Shot Misses the Net.
9:13 of 3rd period - Wrist shot by Dominic Turgeon.
9:13 of 3rd period - Deflect By Scott Wilson.
9:13 of 3rd period - Stopped by Marcus Hogberg with a rebound.
9:15 of 3rd period - Snap shot by Scott Wilson.
9:15 of 3rd period - Stopped by Marcus Hogberg without a rebound.
9:16 of 3rd period - Nico Hischier wins face-off versus Peter Holland in Griffins zone.
9:16 of 3rd period - Nico Hischier is hit by Dean Kukan.
9:33 of 3rd period - Minor Penalty to Ian McCoshen for Interference.
9:34 of 3rd period - Riley Armstrong wins face-off versus Dominic Turgeon in Griffins zone.
11:22 of 3rd period - Robby Fabbri is hit by Dominic Turgeon and loses puck.
11:33 of 3rd period - Penalty to Ian McCoshen is over, Ian McCoshen is back on ice.
12:36 of 3rd period - Minor Penalty to Sergey Tolchinsky for High sticking.
12:37 of 3rd period - Martin Frk wins face-off versus Dominic Turgeon in Rocket zone.
12:40 of 3rd period - Slapshot by Martin Frk.
12:40 of 3rd period - Shot Misses the Net.
13:07 of 3rd period - Snap shot by Sonny Milano.
13:07 of 3rd period - Shot Misses the Net.
13:44 of 3rd period - Peter Holland is hit by Riley Armstrong and loses puck.
14:02 of 3rd period - Viktor Loov is hit by Riley Armstrong and loses puck.
14:36 of 3rd period - Penalty to Sergey Tolchinsky is over, Sergey Tolchinsky is back on ice.
14:40 of 3rd period - Icing by Sergey Tolchinsky.
14:41 of 3rd period - Brendan Leipsic wins face-off versus Karson Kuhlman in Rocket zone.
14:52 of 3rd period - Wrist shot by Karson Kuhlman.
14:52 of 3rd period - Stopped by Marcus Hogberg without a rebound.
14:53 of 3rd period - Scott Wilson wins face-off versus Riley Armstrong in Griffins zone.
15:20 of 3rd period - Martin Frk is hit by Jakob Lilja and loses puck.
15:48 of 3rd period - Minor Penalty to Andrey Pedan for Holding.
15:49 of 3rd period - Riley Armstrong wins face-off versus Dominic Turgeon in Griffins zone.
15:49 of 3rd period - Riley Armstrong is hit by Scott Wilson.
17:48 of 3rd period - Penalty to Andrey Pedan is over, Andrey Pedan is back on ice.
17:51 of 3rd period - Snap shot by Francis Perron.
17:51 of 3rd period - Shot Blocked by Filip Hronek.
17:53 of 3rd period - Wrist shot by Francis Perron.
17:53 of 3rd period - Deflect By JC Lipon.
17:53 of 3rd period - Shot Misses the Net.
17:53 of 3rd period - Puck is out of play.
17:54 of 3rd period - Christoffer Ehn wins face-off versus Karson Kuhlman in Griffins zone.
17:59 of 3rd period - Snap shot by Christoffer Ehn.
17:59 of 3rd period - Stopped by Eamon McAdam with a rebound.
18:01 of 3rd period - Snap shot by Sebastian Ahaut.
18:01 of 3rd period - Stopped by Eamon McAdam with a rebound.
18:03 of 3rd period - Snap shot by Sonny Milano.
18:03 of 3rd period - Shot Misses the Net.
18:05 of 3rd period - Wrist shot by Christoffer Ehn.
18:05 of 3rd period - Stopped by Eamon McAdam without a rebound.
18:06 of 3rd period - Dominic Turgeon wins face-off versus Nico Hischier in Rocket zone.
18:06 of 3rd period - Dominic Turgeon is hit by Andrey Pedan.
18:36 of 3rd period - Wrist shot by Karson Kuhlman.
18:36 of 3rd period - Shot Misses the Net.
18:42 of 3rd period - Wrist shot by Karson Kuhlman.
18:42 of 3rd period - Stopped by Marcus Hogberg with a rebound.
18:44 of 3rd period - Slapshot by Viktor Loov.
18:44 of 3rd period - Stopped by Marcus Hogberg without a rebound.
18:45 of 3rd period - Rick Tocchet call a timeout for Rocket.
18:45 of 3rd period - Dominic Turgeon wins face-off versus Christoffer Ehn in Griffins zone.
18:46 of 3rd period - Rocket, Eamon McAdam is pulled from the net.
18:48 of 3rd period - Snap shot by Scott Wilson.
18:48 of 3rd period - Stopped by Marcus Hogberg with a rebound.
18:50 of 3rd period - Snap shot by Scott Wilson.
18:50 of 3rd period - Shot Blocked by Filip Hronek.
19:20 of 3rd period - Slapshot by Scott Wilson.
19:20 of 3rd period - Shot Misses the Net.
19:42 of 3rd period - Slapshot by Scott Wilson.
19:42 of 3rd period - Stopped by Marcus Hogberg without a rebound.
19:43 of 3rd period - Christoffer Ehn wins face-off versus Dominic Turgeon in Griffins zone.
19:47 of 3rd period - Off-side.
19:48 of 3rd period - Christoffer Ehn wins face-off versus Scott Wilson in neutral zone.
19:53 of 3rd period - Wrist shot by Lucas Lessio.
19:53 of 3rd period - Shot Misses the Net.
Goals for this period are 1 for Rocket vs 2 for Griffins.
Shots for this period are 11 for Rocket vs 11 for Griffins.